 Dungeon Crawl Stone Soup version 0.30-a0-329-g85436e0a43 (webtiles) character file.

Game seed: 4881987834213430130

64 Lear the Chopper (level 3, 0/34 HPs)
             Began as a Minotaur Berserker on Oct 28, 2022.
             Was a Follower of Trog.
             Slain by an iguana (9 damage)
             ... on level 4 of the Dungeon.
             The game lasted 00:19:35 (1389 turns).

Lear the Chopper (Minotaur Berserker)               Turns: 1389, Time: 00:19:36

Health: 0/34       AC:  3    Str: 23    XL:     3   Next: 91%
Magic:  2/2        EV: 12    Int:  4    God:    Trog [*.....]
Gold:   89         SH:  0    Dex:  9    Spells: 2/2 levels left

rFire   . . .      SeeInvis .    a - +0 hand axe
rCold   + . .      Faith    .    (no shield)
rNeg    . . .      Spirit   .    f - +0 leather armour
rPois   .          Reflect  .    (helmet restricted)
rElec   .          Harm     .    (no cloak)
rCorr   .          Rampage  .    (no gloves)
Will    .....                    (no boots)
Stlth   +.........               (no amulet)
HPRegen 0.25/turn                m - ring of protection from cold
MPRegen 0.08/turn                (no ring)

@: no status effects
A: horns 2, retaliatory headbutt
a: Renounce Religion, Berserk


You were on level 4 of the Dungeon.
You worshipped Trog.
Trog was aware of your devotion.
You visited 1 branch of the dungeon, and saw 3 of its levels.

You collected 89 gold pieces.

Inventory:

Hand Weapons
 a - a +0 hand axe (weapon)
 i - a +0 mace
Armour
 b - a +0 animal skin
 f - a +0 leather armour (worn)
 l - a +0 leather armour
Jewellery
 m - a ring of protection from cold (left hand)
Scrolls
 c - 2 scrolls of blinking {unknown}
 j - a scroll of teleportation {unknown}
 k - a scroll of fog {unknown}
 o - 3 scrolls of enchant armour {unknown}
Potions
 d - 2 potions of cancellation {unknown}
 e - 2 potions of lignification {unknown}
 g - a potion of mutation {unknown}
 h - a potion of attraction {unknown}
 n - a potion of curing {unknown}
 p - a potion of flight {unknown}


   Skills:
 + Level 4.4 Fighting
 + Level 4.6 Axes
 + Level 3.1 Armour
 + Level 2.4 Dodging
 + Level 0.1 Stealth


You had 2 spell levels left.
You didn't know any spells.
Your spell library contained the following spells:

 Spells                   Type           Power      Damage    Failure   Level
 Stone Arrow              Conj/Erth      0%         3d7       89%         3
 Animate Armour           Summ/Erth      0%         N/A       100%        4
 Lehudib's Crystal Spear  Conj/Erth      0%         10d2      100%        8


Dungeon Overview and Level Annotations

Branches:
Dungeon (2/15)

Altars:

Annotations:
D:4 3 runed translucent doors, greasedhog's ghost, amateur GrEn


Innate Abilities, Weirdness & Mutations

You have a pair of horns on your head.
You reflexively headbutt those who attack you in melee.


Message History

An endoplasm comes into view.
The endoplasm quivers.
You hit the endoplasm.
You kill the endoplasm!
Trog accepts your kill.
A kobold comes into view. It is wielding a +0 whip.
The kobold shouts!
You hit the kobold.
You kill the kobold!
Trog accepts your kill.
Things that are here:
a +0 whip; a kobold corpse
Things that are here:
a +0 whip; a kobold corpse
Found a stone.
Found 5 stones.
Press: ? - help, . - travel You can't see that place.
Press: ? - help, v - describe, . - travel The floor.
Found 7 large rocks.
Press: ? - help, v - describe, . - travel, g - get item Item here: a stone.
The floor.
Found a stone staircase leading up.
An iguana comes into view.
The iguana hisses angrily.
Found 3 gold pieces and a scroll labelled HIPTAK LEUTHREA.
The iguana bites you!
You hit the iguana. You headbutt the iguana!
The iguana is almost dead.
The iguana bites you.
You hit the iguana but do no damage.
The iguana is almost dead.
The iguana bites you!
* * * LOW HITPOINT WARNING * * *
You closely miss the iguana.
The iguana is almost dead.
The iguana bites you!
You die...

..# ..#...#.
#.. #...#.. #
..#...#...#
..#...#...#. #.
#...#...#..
#...
..#...#...#...#
...#.$.#...#..
#..#.@l#...#
####..#...#
#.......#..#
#.####...###
#.# ....... #.#
.##.### #.# .#
.# #.# .?. .#
#.# .#.#


You could see an iguana.

Vanquished Creatures
  3 adders (D:2)
  A dart slug (D:2)
  8 endoplasms
  A giant cockroach (D:1)
  2 goblins (D:1)
  3 hobgoblins (D:1)
  4 kobolds
  A ball python (D:2)
  3 bats
  3 frilled lizards (D:1)
  5 rats
34 creatures vanquished.

Notes
Turn   | Place    | Note
-------+----------+-------------------------------------------
     0 | D:1      | Lear the Minotaur Berserker began the quest for the Orb.
     0 | D:1      | Reached XP level 1. HP: 19/19 MP: 0/0
   189 | D:1      | Reached XP level 2. HP: 21/27 MP: 1/1
   992 | D:2      | Reached XP level 3. HP: 24/33 MP: 2/2
  1303 | D:2      | You fall into a shaft and drop 2 floors!
  1347 | D:4      | Found a runed translucent gate.
  1347 | D:4      | Found a runed translucent gate.
  1347 | D:4      | Found a runed translucent gate.
  1354 | D:4      | Noticed greasedhog's ghost (amateur GrEn)
  1389 | D:4      | Slain by an iguana

Illustrated notes

Levels and vault maps discovered:
D:1:      mrwooster_arrival_arrow, layout_basic
D:2:      layout_basic, grunt_decor_fettered
D:4:      layout_loops_ring, ebering_ghost_rock_garden, hex_large,
          grunt_ministairs_9

Skill      XL: |  1  2  3 |
---------------+----------+-----
Axes           | 4 |  4.6
Fighting       | 4 |  4.4
Armour         | 3 |  3.1
Dodging        | |  2.4
Stealth        | |  0.1

Action                   || total
-------------------------++-------
Melee: Hand axe          ||    78
       Headbutt          ||     9
Armor: Animal skin       ||     6
       Leather armour    ||     6
Dodge: Dodged            ||    56

Table legend: (Time is in decaauts)
 A = Elapsed time spent in this place.
 B = Non-inter-level travel time spent in this place.
 C = Inter-level travel time spent in this place.
 D = Time resting spent in this place.
 E = Time spent auto-exploring this place.
 F = Levels seen in this place.
 G = Mean time per level.
                   A        B        C        D        E       F      G
               +--------+--------+--------+--------+--------+-----+--------+
         Total |   1395 |   1380 |     15 |    213 |      5 |   3 |  465.0 |
       Dungeon |   1395 |   1380 |     15 |    213 |      5 |   3 |  465.0 |
               +--------+--------+--------+--------+--------+-----+--------+

Top non-repeatable levels by time:
     D:1: 782 daAuts
     D:2: 527 daAuts
     D:4: 86 daAuts
